 Dungeon Crawl Stone Soup version 0.26-a0-651-gb41185065b (webtiles) character file.

Game seed: 7786056105075218389

466720 Apogee the Markshuman (level 25, 0/209 (210) HPs)
             Began as a Human Berserker on Oct 20, 2020.
             Was an Initiate of the Shining One.
             Slain by a stone giant (11 damage)
             ... created by the rage of Trog
             ... on level 2 of the Elven Halls on Oct 21, 2020.
             The game lasted 02:30:35 (69196 turns).

Apogee the Markshuman (Human Berserker)            Turns: 69196, Time: 02:30:36

HP:   0/209 (210)   AC: 39    Str: 29    XL:     25   Next: 82%
MP:   25/25         EV: 15    Int: 13    God:    the Shining One [......]
Gold: 2184          SH:  5    Dex: 14    Spells: 23/27 levels left

rFire    + + +     SeeInvis +   b - +8 longbow "Zephyr" {speed, Dex+3 SInv}
rCold    + + +     Faith    .   (shield currently unavailable)
rNeg     . . .     Spirit   .   L - +6 gold dragon scales
rPois    +         Reflect  +   I - +2 helmet of Refuge {*Drain rF++ Slay+4}
rElec    .         Harm     .   (no cloak)
rCorr    .         Rampage  .   k - +3 pair of gauntlets of War {Slay+5}
MR       ++++.                  f - +0 pair of boots of the Crypt {rPois Str+3 Int+2}
Stlth    ..........             p - amulet of the Six Mouths {Reflect +Fly rC+ Int+4 SH+5 Stlth-}
HPRegen  0.44/turn              (no ring)
MPRegen  0.19/turn              X - ring of Cuj Elem {rPois rC+ MR+++ Int-4}

@: about to teleport, glowing, lightly drained
A: clumsy 1
}: 2/15 runes: barnacled, gossamer
a: Renounce Religion, Evoke Flight


You were on level 2 of the Elven Halls.
You worshipped the Shining One.
The Shining One was noncommittal.
You visited 9 branches of the dungeon, and saw 43 of its levels.
You also visited: Trove and Volcano.

You collected 5844 gold pieces.
You spent 3660 gold pieces at shops.

Inventory:

Hand Weapons
 a - the +7 great mace of Extinguishment {flame, rElec}
   (Trog gifted it to you on level 12 of the Dungeon)

   It has been specially enchanted to burn those struck by it, causing extra
   injury to most foes and up to half again as much damage against particularly
   susceptible opponents.
   It insulates you from electricity.
 b - the +8 longbow "Zephyr" (weapon) {speed, Dex+3 SInv}
   (You bought it in a shop on level 4 of the Shoals)

   Attacks with this weapon are significantly faster.
   It affects your dexterity (+3).
   It lets you see invisible.
Missiles
 T - 1213 arrows (quivered)
Armour
 f - the +0 pair of boots of the Crypt (worn) {rPois Str+3 Int+2}
   (You found it in a treasure trove)

   It affects your strength (+3).
   It affects your intelligence (+2).
   It protects you from poison.
 k - the +3 pair of gauntlets of War (worn) {Slay+5}
   (You found it in a treasure trove)

   It affects your accuracy and damage with ranged weapons and melee attacks
   (+5).
 I - the +2 helmet of Refuge (worn) {*Drain rF++ Slay+4}
   (You found it on level 7 of the Dungeon)

   It affects your accuracy and damage with ranged weapons and melee attacks
   (+4).
   It greatly protects you from fire.
   It causes draining when unequipped.
 L - +6 gold dragon scales (worn)
   (You found it on level 2 of the Depths)
Jewellery
 h - the ring "Solidam" {+Blink rN+}
   (You took it off a merfolk javelineer on level 4 of the Shoals)

   [ring of positive energy]

   It protects you from negative energy.
   It lets you blink.
 i - the ring "Cuvasar" {Ice +Fly rElec Int+2 Dex+3}
   (You found it on level 3 of the Depths)

   [ring of ice]

   It enhances your ice magic.
   It affects your intelligence (+2).
   It affects your dexterity (+3).
   It makes you vulnerable to fire.
   It protects you from cold.
   It insulates you from electricity.
   It lets you fly.
 p - the amulet of the Six Mouths (around neck) {Reflect +Fly rC+ Int+4 SH+5 Stlth-}
   (You bought it in a shop on level 1 of the Vaults)

   [amulet of reflection]

   It shields you and reflects attacks.
   It affects your intelligence (+4).
   It protects you from cold.
   It lets you fly.
   It affects your SH (+5).
   It makes you less stealthy.
 F - a +4 ring of slaying
   (You took it off a yaktaur on level 1 of the Vaults)
 G - the ring of Yhoof {rCorr Int+4 Dex+2}
   (You found it on level 4 of the Vaults)

   [ring of resist corrosion]

   It affects your intelligence (+4).
   It affects your dexterity (+2).
   It provides partial protection from all sources of acid and corrosion.
 Q - the ring of Zitaf {MR+ Dex+6}
   (You took it off a rakshasa on level 3 of the Depths)

   [ring of dexterity]

   It affects your dexterity (+6).
   It affects your resistance to hostile enchantments.
 X - the ring of Cuj Elem (right hand) {rPois rC+ MR+++ Int-4}
   (You found it on level 3 of the Shoals)

   [ring of poison resistance]

   It affects your intelligence (-4).
   It protects you from cold.
   It protects you from poison.
   It affects your resistance to hostile enchantments.
 Y - an uncursed ring of flight
   (You took it off a meliai on level 13 of the Dungeon)
Wands
 c - a wand of disintegration (45)
   (You found it on level 4 of the Dungeon)
 u - a wand of paralysis (44)
   (You found it on level 3 of the Dungeon)
 v - a wand of digging (32)
   (You found it on level 12 of the Dungeon)
 x - a wand of acid (19)
   (You found it on level 3 of the Dungeon)
Scrolls
 e - 3 scrolls of blinking
 g - 10 scrolls of magic mapping
 j - 15 scrolls of enchant weapon
 m - 2 scrolls of torment {!r}
 n - 8 scrolls of teleportation {@r4}
 q - 4 scrolls of fear
 r - 7 scrolls of fog
 w - 3 scrolls of vulnerability {!r}
 B - 6 scrolls of identify {@r1}
 D - 24 scrolls of remove curse {@r2}
 J - 8 scrolls of immolation {!r}
 O - 2 scrolls of enchant armour
 P - 2 scrolls of holy word
 R - 4 scrolls of silence
 S - 3 scrolls of brand weapon
 V - 2 scrolls of summoning
Potions
 l - 6 potions of heal wounds {@q2}
 o - 2 potions of berserk rage
 s - 2 potions of resistance
 t - a potion of cancellation
 z - 5 potions of lignification {!q}
 A - 4 potions of magic
 C - 4 potions of haste {@q3}
 E - 5 potions of curing {@q1}
 H - 4 potions of might
 K - 4 potions of invisibility
 N - 3 potions of mutation {!q}
 W - 6 potions of ambrosia
Miscellaneous
 U - a phantom mirror (inert)
   (You found it on level 12 of the Dungeon)


   Skills:
 - Level 20.0(19.9) Fighting
 - Level 16.2(16.1) Maces & Flails
 - Level 20.0(19.9) Bows
 - Level 20.0(19.9) Armour
 - Level 16.0(15.9) Dodging
 + Level 6.0(5.9) Stealth
   Level 5.0(4.9) Shields
 + Level 1.9(1.8) Spellcasting
 + Level 2.0(1.9) Hexes
 + Level 2.0 Translocations
 - Level 10.0(9.9) Evocations


You had 23 spell levels left.
You knew the following spells:

 Your Spells              Type           Power        Failure   Level
c - Apportation           Tloc           #.....       77%         1
d - Portal Projectile     Hex/Tloc       #.....       98%         3

Your spell library contained the following spells:

 Spells                   Type           Power        Failure   Level
 Corona                   Hex            #......      77%         1
 Slow                     Hex            #.......     88%         2
 Animate Skeleton         Necr           #.....       95%         1
 Freeze                   Ice            #...         95%         1
 Magic Dart               Conj           #...         95%         1
 Sandblast                Erth           #.....       95%         1
 Summon Small Mammal      Summ           #...         95%         1
 Ensorcelled Hibernation  Hex/Ice        #.....       95%         2
 Confusing Touch          Hex            #.......     98%         3
 Gell's Gravitas          Tloc           #.........   98%         3
 Lesser Beckoning         Tloc           #.........   98%         3
 Tukima's Dance           Hex            #.......     98%         3
 Call Imp                 Summ           #.......     99%         2
 Corpse Rot               Necr/Air       N/A          99%         2
 Searing Ray              Conj           #.....       99%         2
 Sublimation of Blood     Necr           #.........   99%         2
 Dazzling Flash           Conj/Hex       #.....       99%         3
 Inner Flame              Hex/Fire       #.......     99%         3
 Summon Guardian Golem    Hex/Summ       #.......     99%         3
 Call Canine Familiar     Summ           #.......     100%        3
 Frozen Ramparts          Ice            #.....       100%        3
 Ignite Poison            Fire/Tmut/Pois #.......     100%        3
 Ozocubu's Armour         Ice            #.......     100%        3
 Animate Dead             Necr           #.........   100%        4
 Cause Fear               Hex            #.........   100%        4
 Dispel Undead            Necr           #.......     100%        4
 Fulminant Prism          Conj/Hex       #.........   100%        4
 Hailstorm                Conj/Ice       #.......     100%        4
 Iskenderun's Mystic Bla  Conj/Tloc      #.......     100%        4
 Leda's Liquefaction      Hex/Erth       #.........   100%        4
 Petrify                  Tmut/Erth      #.......     100%        4
 Sticky Flame             Conj/Fire      #.......     100%        4
 Summon Ice Beast         Ice/Summ       #.......     100%        4
 Summon Lightning Spire   Summ/Air       #.......     100%        4
 Agony                    Necr           #.......     100%        5
 Alistair's Intoxication  Tmut/Pois      #........    100%        5
 Bolt of Magma            Conj/Fire/Erth #.........   100%        5
 Borgnjor's Vile Clutch   Necr/Erth      #.........   100%        5
 Excruciating Wounds      Necr           #.........   100%        5
 Irradiate                Conj/Tmut      #.........   100%        5
 Iskenderun's Battlesphe  Conj           #.......     100%        5
 Metabolic Englaciation   Hex/Ice        #.........   100%        5
 Silence                  Hex/Air        #.........   100%        5
 Yara's Violent Unravell  Hex/Tmut       #.........   100%        5
 Death Channel            Necr           #.........   100%        6
 Dispersal                Tloc           #.........   100%        6
 Eringya's Noxious Bog    Tmut/Pois      #.........   100%        6
 Freezing Cloud           Conj/Ice/Air   #.........   100%        6
 Invisibility             Hex            #.......     100%        6
 Iron Shot                Conj/Erth      #.........   100%        6
 Shadow Creatures         Summ           N/A          100%        6
 Simulacrum               Ice/Necr       #.........   100%        6
 Statue Form              Tmut/Erth      #........    100%        6
 Orb of Destruction       Conj           #.........   100%        7
 Spellforged Servitor     Conj/Summ      #.........   100%        7
 Disjunction              Tloc           #.........   100%        8
 Shatter                  Erth           #.........   100%        9
 Tornado                  Air            #.........   100%        9


Dungeon Overview and Level Annotations

Branches:
Dungeon (15/15)            Temple (1/1) D:6            Lair (6/6) D:11
 Shoals (4/4) Lair:3       Spider (4/4) Lair:4        Slime (0/5) Lair:5
    Orc (2/2) D:10            Elf (2/3) Orc:2        Vaults (4/5) D:13
  Crypt (0/3) Vaults:2     Depths (5/5) D:15        Volcano (visited)
    Zot: Depths:5

Altars:
Cheibriados
Dithmenos
Gozag
Hepliaklqana
Kikubaaqudgha
Makhleb
Nemelex Xobeh
Okawaru
Sif Muna
Trog
Uskayaw
Vehumet
Wu Jian
Xom
Yredelemnul
The Shining One

Shops:
D:6 (   D:8 **   D:9 (   Orc:1 :   Orc:2 }[!:   Elf:1 }==   Shoals:3 }
Shoals:4 (   Vaults:1 =   Vaults:4 *   Depths:5 :!

Portals:
Hell: Depths:1 Depths:2 Depths:3 Depths:4
Abyss: Depths:3 Depths:4
Pandemonium: Depths:1 Depths:3
Ziggurat: Depths:2

Annotations:
D:3 1 runed translucent door, Crazy Yiuf
D:7 1 runed translucent door, DEFE's ghost, novice DsWn
Lair:4 exclusion: 2 oklob plants
Lair:6 1 runed translucent door, emiel's ghost, journeyman TrDe
Elf:2 5 runed translucent doors
Vaults:2 exclusion: 2 doors
Depths:3 2 transporters


Innate Abilities, Weirdness & Mutations

You are clumsy. (Dex -2)


Message History

No target in view!
No target in view!
The deep elf knight shoots an arrow.
The arrow hits you but does no damage. Trog sends monsters to punish you.
A polar bear, a black bear, a deep troll and 3 giants come into view.
You shoot an arrow. The arrow hits the stone giant!!!
You shoot an arrow. The arrow hits the stone giant!!
The deep elf knight gestures at you while chanting.
The stone arrow hits you!
You shoot an arrow. The arrow hits the stone giant!!!
The polar bear bites you!! The polar bear misses you.
The polar bear claws you but does no damage.
The deep troll bites you!! The deep troll claws you. The deep troll claws you!
The stone giant hits you but does no damage.
Unknown command.
As you read the scroll of teleportation {@r4}, it crumbles to dust.
You feel strangely unstable. The deep troll bites you.
The deep troll misses you. You block the deep troll's attack.
The polar bear bites you. The polar bear closely misses you.
You block the polar bear's attack.
The black bear rages.
The stone giant hits you! The cyclops hits you!!
* * * LOW HITPOINT WARNING * * *
Okay, then.
Really attack while wielding the +8 longbow "Zephyr" {speed, Dex+3 SInv}?
Okay, then.
Really attack while wielding the +8 longbow "Zephyr" {speed, Dex+3 SInv}?
You completely miss the cyclops. The deep troll bites you!
* * * LOW HITPOINT WARNING * * *
The deep troll closely misses you.
The deep troll claws you but does no damage.
The polar bear closely misses you. You block the polar bear's attack.
The polar bear barely misses you. The stone giant hits you!
* * * LOW HITPOINT WARNING * * *
The cyclops hits you but does no damage.
The polar bear closely misses you. The polar bear misses you.
The polar bear claws you.
* * * LOW HITPOINT WARNING * * *
The deep troll barely misses you. The deep troll closely misses you.
The deep troll claws you but does no damage.
The stone giant hits you!!
* * * LOW HITPOINT WARNING * * *
The cyclops barely misses you. The cyclops hits you!!!
* * * LOW HITPOINT WARNING * * *
The deep troll misses you.
The deep troll claws you but does no damage. x2
You block the polar bear's attack.
The polar bear claws you but does no damage. x2
The stone giant hits you!
You die...

..#...#..#...#.>.#......# #.....
..#...#..#...#..(#......# #.....
..#...'..# #...#......# +.....
..##'##..# #...#......# #.....
.........# #...#...((.# #.....
.........#^..#...#......# #.....
########'#...#..ee......# ######
.............#.TC#).....+
.............#hC@#(.e.!.# ..
###'######..(#.Ch#(.....#..# ##
.........#...+...#......#..#.....
.........#...#...#....e>#..#.....
#######..#...#...#....ยง.#..#
.... ......#).#...#...#..((..#..#
.... .....)#..#...#...# #..# ...
......#..#...#...# #..# ..
......#..#...#...########..######


You could see a stone giant (berserk), a deep troll (berserk), a deep elf knight
(fast), 2 cyclopes, a polar bear (berserk), a deep elf mage and a black bear
(berserk).

Vanquished Creatures
  An ancient lich (Depths:4)
  A juggernaut (Depths:3)
  Bai Suzhen (Shoals:4)
  2 caustic shrikes
  Xtahua (Vaults:3)
  Saint Roka (Orc:1)
  A golden dragon (Depths:2)
  A bone dragon (Depths:5)
  9 liches
  Jorgrun (D:15)
  4 tentacled monstrosities
  Asterion (Vaults:3)
  A titan (Depths:2)
  A quicksilver dragon (Depths:2)
  An ancient champion (Depths:3)
  2 sphinxes
  11 tengu reavers
  3 storm dragons
  6 fire giants
  8 frost giants
  7 vault wardens
  A daeva (Depths:2)
  4 ghost moths (Spider:4)
  2 orc warlords (Orc:1)
  2 iron dragons (Depths:4)
  Aizul (Vaults:4)
  3 emperor scorpions (Spider:4)
  An angel (Depths:2)
  A ghoul (Vaults:2)
  2 spriggan defenders
  A caustic shrike skeleton (Depths:4)
  A juggernaut zombie (Depths:4)
  A war gargoyle (Vaults:3)
  13 ironheart preservers
  21 stone giants
  3 entropy weavers
  16 very ugly things
  Nessos (D:15)
  2 black draconians (Depths:5)
  A green draconian (Depths:5)
  A deep elf demonologist (Depths:4)
  2 deep elf annihilators (Vaults:4)
  2 dire elephants (Lair:6)
  Snorg (D:13)
  Azrael (Spider:1)
  A yellow draconian (Depths:5)
  7 spark wasps
  2 merfolk javelineers (Shoals:4)
  8 merfolk impalers
  7 ettins
  14 fire dragons
  3 great orbs of eyes
  8 deep elf death magi
  5 jiangshi
  9 yaktaur captains
  Fannar (Lair:3)
  8 rakshasas
  16 ice dragons
  13 vault guards
  2 spriggan air magi (Depths:3)
  3 hydras
  16 ogre magi
  4 merfolk avatars
  2 anacondas
  8 merfolk aquamancers
  A two-headed ogre (shapeshifter) (D:15)
  2 alligator snapping turtles
  12 centaur warriors
  Erica (D:10)
  4 satyrs
  8 dancing weapons
  A queen ant (Lair:3)
  6 deep troll earth magi
  9 deep troll shamans
  40 two-headed ogres
  5 tengu warriors
  4 vampire magi
  6 death yaks
  3 orc high priests (Orc:2)
  2 spriggan berserkers (Depths:5)
  3 hell hogs (Depths:1)
  A naga sharpshooter (Depths:3)
  2 storm dragon zombies (Depths:4)
  Urug (Lair:2)
  6 hell knights (Depths:3)
  Sonja (D:10)
  2 fire crabs (Shoals:1)
  13 deep elf knights
  2 soul eaters (Depths:4)
  A salamander mystic (Depths:2)
  A spark wasp zombie (Depths:4)
  A sun demon (Volcano)
  3 iron trolls
  An unseen horror (shapeshifter) (Vaults:4)
  An unseen horror (D:10)
  17 sea snakes
  2 shadow wraiths (Vaults:3)
  A golden dragon zombie (Depths:4)
  A storm dragon skeleton (Depths:4)
  10 wizards
  3 glowing orange brains
  13 deep elf archers
  23 deep trolls
  17 orc knights
  6 flayed ghosts
  8 necromancers
  2 lindwurms (shapeshifter)
  7 ironbrand convokers
  2 wolf spider zombies
  11 fauns
  28 deep elf magi
  11 harpies
  A sphinx skeleton (Depths:4)
  2 iron dragon zombies (Depths:4)
  2 tengu skeletons
  37 ugly things
  A mana viper (shapeshifter) (Vaults:3)
  A manticore (shapeshifter) (Depths:4)
  33 wolf spiders
  12 manticores
  A shadow dragon skeleton (Depths:4)
  A frost giant zombie (Depths:4)
  8 orc sorcerers
  4 cyclopes
  14 orb spiders
  2 iron dragon skeletons (Depths:4)
  3 centaur zombies
  3 salamanders (Depths:2)
  11 merfolk sirens
  4 elephants (Lair:5)
  A spriggan zombie (Depths:4)
  2 elf zombies (Depths:4)
  5 water nymphs
  A stone giant skeleton (Depths:1)
  A rust devil (Depths:2)
  3 moths of wrath
  5 vault sentinels
  A fire giant skeleton (Depths:4)
  A frost giant skeleton (Depths:1)
  Joseph (D:7)
  A titan simulacrum (Depths:4)
  3 gargoyles
  A black mamba (shapeshifter) (D:15)
  Maggie (Lair:1)
  5 black mambas
  2 guardian serpents (shapeshifter)
  A storm dragon simulacrum (Depths:4)
  A cane toad (shapeshifter) (Depths:2)
  6 cane toads
  A rime drake (Lair:3)
  2 komodo dragons (shapeshifter)
  A kobold demonologist (D:14)
  2 spriggan skeletons (Depths:4)
  3 komodo dragons
  3 freezing wraiths
  2 elf skeletons
  A yaktaur (shapeshifter) (Vaults:2)
  9 demonic crawlers
  4 tengu conjurers
  A jumping spider (shapeshifter) (Depths:4)
  A yaktaur skeleton (Depths:1)
  2 red devils (Volcano)
  32 yaktaurs
  A merfolk (shapeshifter) (Depths:1)
  3 meliai (D:13)
  2 meliai (shapeshifter) (Vaults:2)
  2 wind drakes (shapeshifter)
  35 merfolk
  3 polar bears
  9 trolls
  28 jumping spiders
  A hornet (shapeshifter) (D:14)
  A polar bear (shapeshifter) (Depths:2)
  3 wind drakes
  6 hornets
  A queen bee (shapeshifter) (Vaults:1)
  A sphinx simulacrum (Depths:1)
  A tengu simulacrum (Vaults:2)
  3 blink frogs (Lair:3)
  9 snapping turtles
  11 hippogriffs
  A dream sheep (shapeshifter) (Depths:2)
  A raiju (shapeshifter) (Vaults:4)
  3 air elementals
  A deep troll zombie (Depths:1)
  A hippogriff (shapeshifter) (Vaults:4)
  28 slime creatures
  Sigmund (D:2)
  A vampire (D:14)
  3 wyverns
  A deep troll skeleton (Depths:1)
  4 wraiths
  60 redbacks
  3 spriggans (shapeshifter)
  21 yaks
  33 tarantellas
  A spriggan simulacrum (Depths:4)
  16 water elementals
  5 fire elementals
  2 fire bats (Shoals:1)
  2 basilisks
  Grum (Lair:1)
  2 steam dragons
  5 wargs
  4 vampire mosquitoes (D:13)
  2 elf simulacra (Depths:4)
  5 large abominations (D:14)
  2 nagas (Depths:3)
  2 swamp worms (Lair:2)
  An acid dragon (D:15)
  6 soldier ants
  39 water moccasins
  4 floating eyes (Depths:3)
  10 hell hounds
  8 porcupines
  2 phantoms
  3 ice beasts
  5 sky beasts
  A necrophage (D:11)
  45 orc warriors
  3 black bears
  43 ogres
  15 boggarts
  10 wolves
  30 centaurs
  10 crocodiles
  2 big kobolds
  21 bullfrogs
  Blork the orc (D:4)
  3 earth elementals
  7 small abominations (D:14)
  6 scorpions
  10 killer bees
  3 wights (D:13)
  2 electric eels
  A howler monkey (D:11)
  A bullfrog zombie (D:7)
  3 jellies
  19 orc wizards
  A quasit (D:7)
  21 orc priests
  5 centaur skeletons
  6 hounds
  3 bullfrog skeletons
  4 iguanas
  25 worker ants
  2 hound zombies
  A howler monkey zombie (D:10)
  3 worker ant zombies
  4 gnolls (D:7)
  2 howler monkey skeletons
  31 adders
  A shadow imp (Depths:1)
  A white imp (D:9)
  An ufetubus (D:10)
  3 oozes
  An adder skeleton (D:5)
  5 worms
  2 dart slugs (D:2)
  10 leopard geckos
  105 orcs
  9 giant cockroaches
  6 goblins
  7 hobgoblins
  6 jackals
  21 kobolds
  4 quokkas
  3 ball pythons
  10 bats
  4 frilled lizards
  12 rats
  2 plants
1802 creatures vanquished.

Vanquished Creatures (collateral kills)
  Mara (Shoals:4)
  Sojobo (Depths:3)
  The ghost of PanSaczeczos the Warrior, an adept MiFi of Makhleb (Spider:2)
  An orc warlord (Orc:2)
  A very ugly thing (Vaults:1)
  A dire elephant (Lair:6)
  A merfolk javelineer (Shoals:2)
  A two-headed ogre (Vaults:1)
  An ogre mage (Vaults:1)
  A skeletal warrior (Vaults:1)
  2 sea snakes (Shoals:3)
  5 wolf spiders
  A faun (Shoals:2)
  An ugly thing (Vaults:1)
  3 orb spiders (Spider:2)
  A torpor snail (Spider:1)
  2 demonic crawlers (Spider:2)
  2 merfolk
  2 jumping spiders
  A hornet (Spider:4)
  19 redbacks
  5 tarantellas
  A warg (Orc:2)
  2 orc warriors
  3 centaurs (Vaults:2)
  2 killer bees (D:6)
  An iguana (D:9)
  5 orcs
68 creatures vanquished.

Vanquished Creatures (others)
  A very ugly thing (Vaults:1)
  An ugly thing (Vaults:1)
  A tarantella (Spider:2)
  An ogre (Vaults:3)
  A centaur (D:14)
  An orc wizard (Orc:1)
  An orc (Orc:1)
  68 fungi
  157 plants
232 creatures vanquished.

Grand Total: 2102 creatures vanquished

Notes
Turn   | Place    | Note
-------+----------+-------------------------------------------
     0 | D:1      | Apogee the Human Berserker began the quest for the Orb.
     0 | D:1      | Reached XP level 1. HP: 18/18 MP: 1/1
    76 | D:1      | Reached XP level 2. HP: 24/24 MP: 2/2
   447 | D:1      | Reached XP level 3. HP: 21/29 MP: 3/3
   756 | D:1      | Reached ** piety under Trog
  1337 | D:2      | Reached XP level 4. HP: 33/35 MP: 4/4
  1637 | D:2      | Reached XP level 5. HP: 19/41 MP: 5/5
  1945 | D:2      | Found a faded altar of an unknown god.
  2412 | D:2      | Noticed Sigmund
  2419 | D:2      | Killed Sigmund
  2419 | D:2      | Reached XP level 6. HP: 48/48 MP: 6/6
  2633 | D:3      | Reached skill level 5 in Maces & Flails
  2825 | D:3      | Reached *** piety under Trog
  2951 | D:3      | Noticed a sky beast
  2986 | D:3      | Killed a sky beast
  2986 | D:3      | Reached XP level 7. HP: 54/54 MP: 7/7
  3370 | D:3      | Found a runed translucent door.
  3371 | D:3      | Noticed Crazy Yiuf
  3666 | D:4      | Found a bloodstained altar of Trog.
  3844 | D:4      | Noticed Blork the orc
  3868 | D:4      | Killed Blork the orc
  3868 | D:4      | Reached XP level 8. HP: 61/61 MP: 8/8
  4379 | D:5      | Entered Level 5 of the Dungeon
  4595 | D:5      | Reached skill level 5 in Fighting
  4634 | D:5      | Reached **** piety under Trog
  4916 | D:5      | Got a brightly glowing leather armour
  5642 | D:6      | Reached skill level 5 in Dodging
  5720 | D:6      | Reached XP level 9. HP: 67/68 MP: 9/9
  5812 | D:6      | Found Xiela's Antique Weapon Emporium.
  5822 | D:6      | Reached skill level 5 in Armour
  5929 | D:6      | Found a staircase to the Ecumenical Temple.
  6280 | D:6      | Found a shimmering blue altar of Sif Muna.
  6310 | D:7      | Noticed Joseph
  6990 | D:6      | HP: 2/69 [killer bee (7)]
  7311 | D:7      | Found a runed translucent door.
  7434 | D:7      | Found a shimmering altar of Xom.
  7434 | D:7      | Noticed DEFE's ghost (novice DsWn)
  7434 | D:7      | Noticed a +2 falchion of chaos
  7809 | D:7      | Killed Joseph
  8122 | D:7      | Got a heavily runed helmet
  8128 | D:7      | Identified the +2 helmet of Refuge {*Drain rF++ Slay+4}
                  | (You found it on level 7 of the Dungeon)
  8283 | D:8      | Found Joriser's General Store.
  8289 | D:8      | Bought a potion of heal wounds for 55 gold pieces
  8386 | D:8      | Found Gioxkacve's Assorted Antiques.
  8389 | D:8      | Bought a scroll labeled VEXUUFU ESOMAO for 24 gold pieces
  8389 | D:8      | Bought a scroll labeled JYFAAKKO CICLU for 24 gold pieces
  8399 | D:8      | Reached XP level 10. HP: 77/77 MP: 10/10
  8908 | D:9      | Found Ahyr's Weapon Emporium.
  8930 | D:9      | Found a burning altar of Makhleb.
  9172 | D:9      | Noticed a white ugly thing
  9199 | D:9      | Killed a white ugly thing
  9345 | D:9      | Noticed a two-headed ogre
  9371 | D:9      | Killed a two-headed ogre
  9371 | D:9      | Reached skill level 10 in Maces & Flails
 10086 | D:10     | Entered Level 10 of the Dungeon
 10141 | D:10     | Noticed a two-headed ogre
 10145 | D:10     | Killed a two-headed ogre
 10149 | D:10     | Reached XP level 11. HP: 87/87 MP: 11/11
 10500 | D:10     | Found a staircase to the Orcish Mines.
 10594 | D:10     | Noticed Sonja
 10608 | D:10     | Killed Sonja
 10974 | D:10     | Reached ***** piety under Trog
 10979 | D:10     | Noticed a two-headed ogre
 10986 | D:10     | Killed a two-headed ogre
 11009 | D:10     | Killed an unseen horror
 11302 | D:10     | Noticed Erica
 11330 | D:10     | Killed Erica
 11846 | D:11     | Reached skill level 10 in Fighting
 11977 | D:11     | Noticed a two-headed ogre
 11994 | D:11     | Killed a two-headed ogre
 11994 | D:11     | Reached XP level 12. HP: 87/97 MP: 12/12
 12052 | D:11     | Reached skill level 10 in Armour
 12148 | D:11     | Found a staircase to the Lair.
 12553 | D:12     | Noticed a two-headed ogre
 12560 | D:12     | Killed a two-headed ogre
 12560 | D:12     | Received a gift from Trog
 12561 | D:12     | Got a bloodstained great mace {god gift}
 12562 | D:12     | Identified the +7 great mace of Extinguishment {flame,
                  | rElec} (Trog gifted it to you on level 12 of the Dungeon)
 12875 | D:12     | Noticed a two-headed ogre
 12880 | D:12     | Killed a two-headed ogre
 13660 | D:13     | Noticed a centaur warrior
 13663 | D:13     | Killed a centaur warrior
 13823 | D:13     | Got a distressingly furry scale mail
 13873 | D:13     | Reached XP level 13. HP: 71/106 MP: 13/13
 14052 | D:13     | Found a gate to the Vaults.
 14052 | D:13     | Noticed an eight-headed hydra
 14052 | D:13     | Noticed a vault guard
 14052 | D:13     | Noticed a vault guard
 14052 | D:13     | Noticed a vault guard
 14052 | D:13     | Noticed a vault guard
 14071 | D:13     | Killed a vault guard
 14080 | D:13     | Killed a vault guard
 14082 | D:13     | Killed an eight-headed hydra
 14089 | D:13     | Killed a vault guard
 14096 | D:13     | Killed a vault guard
 14860 | D:13     | Noticed Snorg
 14878 | D:13     | Killed Snorg
 15513 | D:14     | Noticed a centaur warrior
 15520 | D:14     | Killed a centaur warrior
 15540 | D:14     | Noticed a fire dragon
 15564 | D:14     | Killed a fire dragon
 15719 | D:14     | Reached ****** piety under Trog
 15794 | D:14     | Received a gift from Trog
 15911 | D:14     | Reached XP level 14. HP: 109/116 MP: 14/14
 16407 | D:14     | Paralysed by a hornet for 1 turns
 16971 | D:14     | Got a wavering steel ring
 16973 | D:14     | Identified the ring "Fuciggoyku" {MR+ Dex+6 SInv} (You
                  | found it on level 14 of the Dungeon)
 17067 | D:15     | Entered Level 15 of the Dungeon
 17409 | D:15     | Noticed Jorgrun
 17428 | D:15     | Killed Jorgrun
 17635 | D:15     | Noticed Nessos
 17662 | D:15     | Killed Nessos
 18019 | D:15     | Received a gift from Trog
 18181 | D:15     | Found a snail-covered altar of Cheibriados.
 18820 | D:15     | Found a staircase to the Depths.
 18830 | D:15     | Identified the +5 scale mail "Owniuc" {-Tele rN+ MR+ Dex+5}
                  | (You found it on level 13 of the Dungeon)
 19007 | Lair:1   | Entered Level 1 of the Lair of Beasts
 19163 | Lair:1   | Noticed Grum
 19167 | Lair:1   | Killed Grum
 19388 | Lair:1   | Reached XP level 15. HP: 125/125 MP: 15/15
 19415 | Lair:1   | Noticed Maggie
 19425 | Lair:1   | Killed Maggie
 20148 | Lair:1   | Reached skill level 15 in Maces & Flails
 20389 | Lair:2   | Received a gift from Trog
 20641 | Lair:2   | Got a steaming chain mail
 20686 | Lair:2   | Identified the +5 chain mail "Xaf Zid" {rPois Slay-5 SInv
                  | Stlth+} (You found it on level 2 of the Lair of Beasts)
 20716 | Lair:2   | Noticed Urug
 20725 | Lair:2   | Killed Urug
 21529 | Lair:2   | Got a glittering turquoise ring
 21536 | Lair:2   | Identified the ring of Xoazyupy {*Drain rF- rN+ Int+8
                  | Stlth+} (You found it on level 2 of the Lair of Beasts)
 21592 | Lair:3   | Noticed Fannar
 22041 | Lair:3   | Found a staircase to the Shoals.
 22129 | Lair:3   | Killed Fannar
 23061 | Lair:4   | Received a gift from Trog
 23343 | Lair:4   | Got a smoking robe
 23451 | Lair:4   | Found a hole to the Spider Nest.
 24707 | Lair:5   | Found a staircase to the Slime Pits.
 24747 | Lair:6   | Entered Level 6 of the Lair of Beasts
 24747 | Lair:6   | Found a runed translucent door.
 24751 | Lair:6   | Noticed emiel's ghost (journeyman TrDe)
 24832 | Lair:6   | Found a dark tunnel.
 24842 | Volcano  | Entered a volcano
 26215 | Lair:6   | Reached XP level 16. HP: 134/134 MP: 16/16
 26218 | Lair:6   | Reached skill level 15 in Fighting
 26604 | Orc:1    | Entered Level 1 of the Orcish Mines
 26615 | Orc:1    | You fall into a shaft and drop 1 floor!
 26615 | Orc:2    | Entered Level 2 of the Orcish Mines
 26806 | Orc:2    | Found a staircase to the Elven Halls.
 26870 | Orc:1    | Received a gift from Trog
 26871 | Orc:1    | Got a crystal demon whip {god gift}
 26872 | Orc:1    | Identified the +9 demon whip of Conflict {flame, *Contam
                  | Str+3 Stlth+} (Trog gifted it to you on level 1 of the
                  | Orcish Mines)
 27072 | Orc:2    | Noticed Saint Roka
 27480 | Shoals:1 | Entered Level 1 of the Shoals
 27493 | Shoals:1 | Reached skill level 15 in Armour
 27681 | Shoals:1 | Reached skill level 1 in Shields
 29067 | Shoals:2 | Received a gift from Trog
 29312 | Shoals:2 | Reached skill level 5 in Shields
 30548 | Shoals:3 | Received a gift from Trog
 30938 | Shoals:3 | Reached XP level 17. HP: 134/146 MP: 17/17
 31727 | Shoals:3 | Got a vibrating lapis lazuli ring
 31872 | Shoals:3 | Identified the ring of Cuj Elem {rPois rC+ MR+++ Int-4}
                  | (You found it on level 3 of the Shoals)
 31923 | Shoals:3 | Found Beonn's Gadget Shoppe.
 32215 | Shoals:4 | Entered Level 4 of the Shoals
 32253 | Shoals:4 | Received a gift from Trog
 33380 | Shoals:4 | Noticed Mara
 33439 | Shoals:4 | Noticed Bai Suzhen
 33480 | Shoals:4 | Killed Bai Suzhen
 33809 | Shoals:4 | Identified the Grimoire of Cloudy Earth
 33965 | Shoals:4 | Found Vaenerunn's Antique Weapon Boutique.
 33973 | Shoals:4 | Bought the +8 longbow "Zephyr" {speed, Dex+3 SInv} for 1846
                  | gold pieces
 33973 | Shoals:4 | Found the +8 longbow "Zephyr" {speed, Dex+3 SInv}
 33975 | Shoals:4 | Gained mutation: You are clumsy. (Dex -2) [mutagenic glow]
 34049 | Shoals:4 | Noticed Apogee's illusion
 34050 | Shoals:4 | Killed Mara
 34122 | Shoals:4 | Received a gift from Trog
 34211 | Shoals:4 | Reached skill level 1 in Bows
 34732 | Shoals:4 | Identified the ring "Solidam" {+Blink rN+}
 34995 | Shoals:4 | Reached XP level 18. HP: 78/157 MP: 18/18
 35269 | Shoals:4 | Got a barnacled rune of Zot
 35484 | Spider:1 | Entered Level 1 of the Spider Nest
 36562 | Spider:1 | Reached skill level 10 in Dodging
 36776 | Spider:1 | Noticed Azrael
 36783 | Spider:1 | Killed Azrael
 36783 | Spider:1 | Reached skill level 5 in Bows
 36783 | Spider:1 | Reached skill level 1 in Stealth
 36783 | Spider:1 | Reached skill level 1 in Evocations
 38261 | Spider:2 | Found a large runed translucent door.
 38261 | Spider:2 | Found a large runed translucent door.
 38261 | Spider:2 | Noticed PanSaczeczos's ghost (adept MiFi)
 38392 | Spider:2 | Killed PanSaczeczos's ghost
 38407 | Spider:2 | Got a crude brass amulet
 38414 | Spider:2 | Identified the amulet "Agonont" {Spirit +Fly rPois rC++
                  | Int-3} (You found it on level 2 of the Spider Nest)
 38953 | Spider:3 | Received a gift from Trog
 39544 | Spider:3 | Reached skill level 5 in Evocations
 40228 | Spider:4 | Entered Level 4 of the Spider Nest
 40715 | Spider:4 | Reached XP level 19. HP: 163/163 MP: 19/19
 40904 | Spider:4 | Received a gift from Trog
 42068 | Spider:4 | Reached skill level 10 in Bows
 42844 | Spider:4 | Got a gossamer rune of Zot
 43225 | Vaults:1 | Entered Level 1 of the Vaults
 43534 | Vaults:1 | Received a gift from Trog
 44979 | Vaults:1 | Received a gift from Trog
 45008 | Vaults:1 | HP: 3/163 [skeletal warrior/+0 battleaxe (26)]
 45564 | Vaults:1 | Reached XP level 20. HP: 157/170 MP: 20/20
 46107 | Vaults:1 | Found Qucsuad's Jewellery Emporium.
 46251 | Vaults:1 | Bought the amulet of the Six Mouths {Reflect +Fly rC+ Int+4
                  | SH+5 Stlth-} for 849 gold pieces
 47181 | Vaults:2 | Got a scorched hat
 47182 | Vaults:2 | Identified the +2 hat "Liatum" {Harm rPois rF+} (You found
                  | it on level 2 of the Vaults)
 47194 | Vaults:2 | Found a radiant altar of Vehumet.
 47194 | Vaults:2 | Noticed a lich
 47206 | Vaults:2 | Killed a lich
 47206 | Vaults:2 | Reached skill level 15 in Bows
 47218 | Vaults:2 | Got a shimmering robe
 47230 | Vaults:2 | Identified the +1 robe of the Shrike {rElec rF+ Str+3}
 49385 | Vaults:2 | Found a staircase to the Crypt.
 50302 | Vaults:3 | Received a gift from Trog
 50512 | Vaults:3 | Noticed Asterion
 50524 | Vaults:3 | Killed Asterion
 50524 | Vaults:3 | Reached XP level 21. HP: 177/177 MP: 21/21
 50668 | Vaults:3 | Found a portal to a secret trove of treasure.
 50706 | Trove    | Entered a treasure trove
 50709 | Trove    | Found the +3 pair of gauntlets of War {Slay+5}
 50711 | Trove    | Got a pair of bloodstained boots
 50713 | Trove    | Got a pair of masterwork boots
 50717 | Trove    | Got a pair of steaming boots
 50724 | Trove    | Got a steaming chain mail
 50727 | Trove    | Got a pair of dazzling gloves
 50735 | Trove    | Got an encrusted plate armour
 50766 | Vaults:3 | Identified the +0 pair of boots of the Crypt {rPois Str+3
                  | Int+2} (You found it in a treasure trove)
 50776 | Vaults:3 | Identified the +2 pair of boots of Sandy the Leaf {Int+6
                  | SInv} (You found it in a treasure trove)
 50786 | Vaults:3 | Identified the +0 pair of boots of Greed {MR+} (You found
                  | it in a treasure trove)
 50815 | Vaults:3 | Identified the cursed +0 plate armour of Vukuta {Harm} (You
                  | found it in a treasure trove)
 50836 | Vaults:3 | Identified the +1 chain mail "Tagockas" {rElec SInv} (You
                  | found it in a treasure trove)
 51110 | Vaults:3 | Noticed Xtahua
 51117 | Vaults:3 | Killed Xtahua
 52807 | Vaults:4 | Reached * piety under Trog
 53365 | Vaults:4 | Got a smoking wooden ring
 53673 | Vaults:4 | Noticed Aizul
 53683 | Vaults:4 | Killed Aizul
 53867 | Vaults:4 | Identified a scroll of acquirement
 53915 | Vaults:4 | Found Heha's Assorted Antiques.
 53934 | Vaults:4 | Reached XP level 22. HP: 181/184 MP: 22/22
 53940 | Vaults:4 | Acquired a manual of Dodging
 54016 | Vaults:4 | Bought 2 potions of heal wounds for 430 gold pieces
 54016 | Vaults:4 | Bought a scroll of identify for 86 gold pieces
 54016 | Vaults:4 | Bought a scroll of identify for 86 gold pieces
 54016 | Vaults:4 | Identified the ring of Yhoof {rCorr Int+4 Dex+2} (You found
                  | it on level 4 of the Vaults)
 54620 | Depths:1 | Entered Level 1 of the Depths
 55328 | Orc:1    | Killed Saint Roka
 55952 | Orc:2    | Found Ungi Xyt's Gadget Shoppe.
 55952 | Orc:2    | Found Tuwniu's Book Boutique.
 55957 | Orc:2    | Found Uphutz's Armour Shoppe.
 55957 | Orc:2    | Found Xujeckewk's Distillery.
 56218 | Orc:1    | Found Doal's Book Emporium.
 56792 | Orc:1    | Identified Rites and Rhymes in Simple Steps
 56872 | Orc:1    | Got a slimy robe
 56970 | Elf:1    | Entered Level 1 of the Elven Halls
 58388 | Depths:1 | Found a one-way gate leading to the halls of Pandemonium.
 58544 | Depths:1 | Found a gateway to Hell.
 58556 | Depths:1 | Received a gift from Trog
 58987 | Depths:1 | Reached XP level 23. HP: 145/194 MP: 23/23
 59510 | Depths:2 | Got an ancient scale mail
 59511 | Depths:2 | Identified the +1 scale mail of the Kangaroo {Regen+} (You
                  | found it on level 2 of the Depths)
 59525 | Depths:2 | Got a translucent trident
 59529 | Depths:2 | Reached skill level 15 in Dodging
 59538 | Depths:2 | Got a glimmering hand axe
 59549 | Depths:2 | Noticed a caustic shrike
 59561 | Depths:2 | Killed a caustic shrike
 59601 | Depths:2 | Received a gift from Trog
 60650 | Depths:2 | Found a gateway to a ziggurat.
 60650 | Depths:2 | Noticed a golden dragon
 60655 | Depths:2 | Killed a golden dragon
 61844 | Depths:3 | Got a polished ring mail
 61910 | Depths:3 | Noticed a juggernaut
 61937 | Depths:3 | Killed a juggernaut
 61937 | Depths:3 | Reached XP level 24. HP: 144/204 MP: 23/23
 61965 | Depths:3 | Paralysed by a floating eye for 3 turns
 61998 | Depths:3 | Noticed Sojobo
 62274 | Depths:3 | Found a transporter.
 62307 | Depths:3 | Identified the ring of Zitaf {MR+ Dex+6}
 62653 | Depths:3 | Found a transporter.
 62656 | Depths:3 | Got a slimy ivory ring
 62657 | Depths:3 | Identified the ring "Cuvasar" {Ice +Fly rElec Int+2 Dex+3}
                  | (You found it on level 3 of the Depths)
 62751 | Depths:3 | Found a one-way gate to the infinite horrors of the Abyss.
 62757 | Depths:3 | Received a gift from Trog
 63039 | Depths:3 | Found a shimmering blue altar of Sif Muna.
 63110 | Depths:3 | Killed Sojobo
 63336 | Depths:3 | Got a vibrating granite ring
 63337 | Depths:3 | Identified the cursed ring of Atheism {*Slow rF+ Int-4
                  | Dex+4} (You found it on level 3 of the Depths)
 63427 | Depths:3 | Got a slimy jade ring
 63456 | Depths:3 | Identified the ring "Nulou" {Wiz +Inv rF- SInv} (You found
                  | it on level 3 of the Depths)
 63575 | Depths:3 | Found a sparkling altar of Nemelex Xobeh.
 64143 | Depths:4 | Found an ancient bone altar of Kikubaaqudgha.
 64143 | Depths:4 | Noticed an ancient lich
 64164 | Depths:4 | Killed an ancient lich
 64537 | Depths:4 | Reached XP level 25. HP: 188/210 MP: 23/23
 64678 | Depths:4 | Received a gift from Trog
 64688 | Depths:4 | Reached skill level 10 in Evocations
 65666 | Depths:5 | Entered Level 5 of the Depths
 65666 | Depths:5 | Noticed a caustic shrike
 65667 | Depths:5 | Noticed a caustic shrike
 66118 | Depths:5 | Found Lybausia's Book Shoppe.
 66130 | Depths:5 | Found Riat Puq's Distillery.
 66142 | Depths:5 | Bought a potion of mutation for 160 gold pieces
 66142 | Depths:5 | Bought a potion of heal wounds for 100 gold pieces
 66199 | Depths:5 | Killed a caustic shrike
 66220 | Depths:5 | Received a gift from Trog
 66802 | Temple   | Entered the Ecumenical Temple
 66825 | Temple   | Fell from the grace of Trog
 66825 | Temple   | Became a worshipper of the Shining One
 67197 | Elf:1    | Got a bloodstained scale mail
 67199 | Elf:1    | Identified the Disquisition on Glacial Necromancy
 67202 | Elf:1    | Identified the +5 scale mail "Wozo" {rC+} (You found it on
                  | level 1 of the Elven Halls)
 67284 | Elf:1    | Reached skill level 5 in Stealth
 67317 | Elf:1    | Found Lofurim's Gadget Boutique.
 67317 | Elf:1    | Found Vogai's Jewellery Shoppe.
 67318 | Elf:1    | Found Leuqugugu's Jewellery Shoppe.
 67756 | Elf:1    | Learned a level 1 spell: Apportation
 67760 | Elf:1    | Learned a level 3 spell: Portal Projectile
 68300 | Elf:2    | Reached skill level 1 in Hexes
 68346 | Elf:2    | Reached skill level 1 in Translocations
 68361 | Elf:2    | Reached skill level 1 in Spellcasting
 68406 | Elf:2    | Found a huge runed translucent gate.
 68406 | Elf:2    | Found a huge runed translucent gate.
 68407 | Elf:2    | Found a huge runed translucent gate.
 68411 | Elf:2    | Found a huge runed translucent gate.
 68415 | Elf:2    | Found a huge runed translucent gate.
 69196 | Elf:2    | Slain by a stone giant

Illustrated notes

Levels and vault maps discovered:
D:1:      eino_arrival_water_cross, layout_loops_corners, minmay_misc_feat_x
D:2:      layout_basic, chequers_ecumenical_altar_simple_redux,
          minmay_randomly_rotated_circles, uniq_sigmund
D:3:      layout_rooms, uniq_crazy_yiuf_cottage
D:4:      layout_basic, trog_book, uniq_blork_the_orc
D:5:      layout_loops_cross, feat_on_display
D:6:      layout_rooms, kennysheep_little_box, minmay_temple_entry_purple_smoke,
          serial_shops, shop
D:7:      layout_rooms, ebering_ghost_xom, uniq_joseph
D:8:      layout_rooms, serial_shops, kennysheep_mini, shop
D:9:      layout_loops_ring, basic_altar, serial_shops,
          nicolae_shop_window_shopping, hangedman_fish_farm
D:10:     layout_rooms, orc_0_dummy, grunt_ministairs_12, onia_ninara_cookie,
          uniq_erica, uniq_sonja
D:11:     layout_roguey, due_lair_maze_entry_diamond
D:12:     layout_roguey
D:13:     layout_gridville, lightli_vaults_fourway_checkpoint, uniq_snorg
D:14:     layout_long_grid, nrook_campfire, fountainhead, laboratory
D:15:     gammafunk_enter_depths_forms, layout_cave_pods, cheibriados_altar_1,
          lemuel_nasty_fountain, uniq_jorgrun, uniq_nessos
Temple:   grunt_wide_crystal_templ
Lair:1:   lemuel_reptile_caves, layout_loops_ring, uniq_grum, uniq_maggie
Lair:2:   layout_cave_pods, worms_lemuel, uniq_urug
Lair:3:   layout_roguey, elwin_shoals_entry_rocks, minmay_another_anthill,
          lemuel_fruit_fields, infiniplex_staircase_pool_2, uniq_fannar
Lair:4:   beast_lair_carwin_large_1, layout_loops_ring,
          nicolae_spider_entry_tight_spaces, minmay_lair_oklob_chamber
Lair:5:   layout_regular_city, dpeg_slime_entry_corner, grunt_megastairs_2
Lair:6:   due_jungle_book, layout_cave_shapes, ebering_ghost_inner_flame,
          lightli_volcano_entry_magma_tube
Shoals:1: layout_shoals, hangedman_shoal_volcano
Shoals:2: layout_shoals
Shoals:3: layout_shoals, serial_shops, shop_fountains,
          nicolae_shoals_aquamancer_cove
Shoals:4: shoals_end_simple, layout_shoals, serial_shops, shop, uniq_mara,
          uniq_bai_suzhen
Spider:1: layout_chambers, guppyfry_hornet_nest, uniq_azrael
Spider:2: layout_spider_delve, ebering_ghost_disaster_area
Spider:3: layout_spider_delve
Spider:4: grunt_spider_rune_parallel
Orc:1:    layout_caves, serial_shops, shop, minmay_orc_treasury
Orc:2:    grunt_orc_tribal_feast, layout_diamond_mine, uniq_saint_roka
Elf:1:    eino_elf_arrival_sip, layout_geoelf_grid, evilmike_minifort,
          minmay_shop_grove
Elf:2:    layout_onion_city
Vaults:1: v_misc_30, ontoclasm_vaults_gateway, vaults_room_grunt_arrival_ludios,
          v_misc_32, ontoclasm_vaults_misaligned, nicolae_vaults_network_square,
          vaults_standard_mumra_lines, ontoclasm_vaults_chip,
          vaults_room_door_ring, nicolae_vaults_rhombus_5,
          vaults_room_stairs_pillars, vaults_dpeg_ring,
          layout_vaults_chaotic_city, serial_shops, shop_fountains
Vaults:2: v_misc_14, grunt_tower_of_power, v_misc_22, grunt_vaults_twisty,
          minmay_crypt_entry_simple_plaza, vaults_dpeg_hooks,
          layout_vaults_omnigrid
Vaults:3: nicolae_vaults_puzzle_piece, nicolae_vaults_quadrants,
          v_alt_pattern_3, hangedman_vaults_maws, hangedman_vaults_slice,
          grunt_vaults_funnel, hangedman_vaults_stretched_pinwheel,
          ontoclasm_vaults_ring_small, dpeg_vaults_monster_box,
          vaults_dpeg_diagonal, nicolae_vaults_gold_heap,
          layout_vaults_omnicross, enter_trove_2, uniq_margery, uniq_xtahua,
          uniq_asterion
Vaults:4: vaults_room_ringed_pool, kb_rosetta, v_misc_24,
          ontoclasm_vaults_ligature, vaults_room_semicircle, v_pattern_4,
          ontoclasm_vaults_pinch, v_misc_26, ontoclasm_vaults_decontamination,
          nicolae_vaults_little_squares_4, nicolae_vaults_mini_display_case,
          hangedman_vaults_trim, layout_vaults_ring, serial_shops, shop,
          uniq_aizul
Depths:1: layout_long_grid, grunt_hell_horde, grunt_pan_entry_spiral,
          minmay_misc_feat_plants, st_stairs_13, kennysheep_nub,
          kennysheep_opposing_triangles
Depths:2: minmay_complete_graph, layout_cave_pools, enter_ziggurat_d,
          grunt_decor_cap, grunt_hell_entry_dis_old, minmay_staircase_statues,
          serial_bayou_shore_a
Depths:3: hangedman_spin_cycle, abyss_entry, pan_entry, hell_entry
Depths:4: evilmike_negative_zone, layout_long_grid, hell_entry,
          abyss_entry_crystal, glass_columns_a, minmay_shattered_shrine,
          infiniplex_staircase_zigzag_4
Depths:5: evilmike_zot_entry_basic, layout_basic, serial_bayou_pond_e,
          hell_entry, minmay_checkered_concentric_circles, minmay_shop_star,
          grunt_megastairs_3

Skill      XL: |  1  2  3  4  5  6  7  8  9 10 11 12 13 14 15 16 17 18 19 20 21 22 23 24 25 |
---------------+----------------------------------------------------------------------------+-----
Maces & Flails | 4 5 6 7 9 10 11 12 13 14 15 16 | 16.2
Fighting       | 4 5 6 8 10 11 12 13 14 16 18 19 20 | 20.0
Armour         | 3 4 6 8 9 11 12 13 14 15 16 18 20 | 20.0
Dodging        | 3 4 5 9 10 14 16 | 16.0
Shields        | 5 |  5.0
Bows           | 3 8 13 17 19 20 | 20.0
Stealth        | 4 6 |  6.0
Evocations     | 6 9 10 | 10.0
Hexes          | 2 |  2.0
Translocations | 2 |  2.0
Spellcasting   | 1 |  1.9

Action                   |  1- 3 |  4- 6 |  7- 9 | 10-12 | 13-15 | 16-18 | 19-21 | 22-24 | 25-27 || total
-------------------------+-------+-------+-------+-------+-------+-------+-------+-------+-------++-------
Melee: Mace              |    98 |   173 |   457 |    33 |       |       |       |       |       ||   761
       Dire flail        |       |       |       |   341 |       |       |       |       |       ||   341
       Great mace        |       |       |       |   100 |   805 |   465 |   643 |    81 |     3 ||  2097
       Demon whip        |       |       |       |       |       |   536 |       |       |       ||   536
       Longbow           |       |       |       |       |       |       |       |       |     1 ||     1
 Fire: Longbow           |       |       |       |       |       |   116 |   608 |  1398 |   565 ||  2687
Throw: Throwing net      |       |     1 |       |     1 |     1 |       |       |       |       ||     3
Invok: Berserk           |     2 |     4 |     8 |     8 |    11 |    14 |    11 |     3 |       ||    61
       Brothers in Arms  |       |       |     1 |     2 |     1 |    15 |     4 |     3 |       ||    26
       Trog's Hand       |       |       |       |     1 |     1 |     1 |     1 |       |       ||     4
Evoke: Wand              |       |       |       |    18 |     3 |    17 |    14 |     3 |       ||    55
       Phantom mirror    |       |       |       |       |     1 |     1 |       |       |     1 ||     3
  Use: Scroll            |       |     2 |     7 |       |    17 |    13 |     5 |    17 |     4 ||    65
       Potion            |       |       |     3 |       |       |     5 |     1 |     8 |     1 ||    18
 Stab: Sleeping          |       |     2 |       |       |       |       |       |       |       ||     2
       Held in net/web   |       |       |       |     2 |       |       |       |       |       ||     2
       Distracted        |       |       |       |       |       |     3 |       |       |       ||     3
Armor: Animal skin       |    35 |    15 |       |       |       |       |       |       |       ||    50
       Plate armour      |       |    31 |   437 |   266 |   617 |   720 |   461 |    68 |       ||  2600
       Leather armour    |       |    18 |       |       |       |       |       |       |       ||    18
       Gold dragon scale |       |       |       |       |       |       |       |   138 |    66 ||   204
Dodge: Dodged            |    72 |   125 |   233 |   159 |   428 |   589 |   446 |   216 |    89 ||  2357
Block: Buckler           |       |       |       |       |       |    82 |       |       |       ||    82
       Other             |       |       |       |       |       |       |    84 |    82 |    14 ||   180
       Reflection        |       |       |       |       |       |       |    13 |    14 |     1 ||    28

Table legend: (Time is in decaauts)
 A = Elapsed time spent in this place.
 B = Non-inter-level travel time spent in this place.
 C = Inter-level travel time spent in this place.
 D = Time resting spent in this place.
 E = Time spent auto-exploring this place.
 F = Levels seen in this place.
 G = Mean time per level.
                   A        B        C        D        E       F      G
               +--------+--------+--------+--------+--------+-----+--------+
         Total |  68309 |  64103 |   4206 |  17879 |  31939 |  45 | 1518.0 |
       Dungeon |  20329 |  18526 |   1803 |   4377 |  10801 |  15 | 1355.3 |
        Temple |     36 |     24 |     12 |      0 |     18 |   1 |   36.0 |
          Lair |   7657 |   7109 |    548 |    974 |   4939 |   6 | 1276.2 |
        Shoals |   7904 |   7702 |    202 |   3786 |   2188 |   4 | 1976.0 |
   Spider Nest |   7518 |   7183 |    335 |   2327 |   2696 |   4 | 1879.5 |
  Orcish Mines |   2855 |   2463 |    392 |    870 |   1039 |   2 | 1427.5 |
   Elven Halls |   2213 |   2147 |     66 |    460 |   1136 |   2 | 1106.5 |
        Vaults |  11010 |  10522 |    488 |   3040 |   4864 |   4 | 2752.5 |
        Depths |   8462 |   8105 |    357 |   1842 |   4244 |   5 | 1692.4 |
         Trove |     37 |     37 |      0 |      0 |      2 |   1 |   37.0 |
       Volcano |    282 |    282 |      0 |    200 |     10 |   1 |  282.0 |
               +--------+--------+--------+--------+--------+-----+--------+

Top non-repeatable levels by time:
Vaults:1: 3894 daAuts
Shoals:4: 2825 daAuts
Vaults:2: 2746 daAuts
Spider:4: 2741 daAuts
Depths:2: 2677 daAuts
    D:14: 2459 daAuts
Vaults:3: 2237 daAuts
Spider:1: 2159 daAuts
    D:13: 2132 daAuts
Vaults:4: 2131 daAuts
Shoals:2: 2037 daAuts
Depths:4: 1927 daAuts
    D:10: 1830 daAuts
   Orc:1: 1735 daAuts
     D:6: 1679 daAuts
